 Dungeon Crawl Stone Soup version 0.17.0-28-g6e173f8 (webtiles) character file.

542 Ivanskos the Shield-Bearer (level 7, -3/64 HPs)
             Began as a Deep Dwarf Fighter on Nov 21, 2015.
             Slain by an ogre
             ... wielding a +0 giant club
              (21 damage)
             ... on level 5 of the Dungeon on Nov 23, 2015.
             The game lasted 00:15:28 (2957 turns).

Ivanskos the Shield-Bearer (Deep Dwarf Fighter)     Turns: 2957, Time: 00:15:28

Health: -3/64      AC:  9    Str: 22    XL:     7   Next: 6%
Magic:  16/16      EV:  7    Int:  8    God:
Gold:   292        SH: 10    Dex: 12    Spells: 0 memorised, 6 levels left

rFire  . . .     SeeInvis .     a - +0 war axe
rCold  . . .     Clarity  .     B - +0 chain mail
rNeg   . . .     SustAt   +     c - +0 shield
rPois  .         Gourm    .     (no helmet)
rElec  .         Spirit   .     (no cloak)
rCorr  .         Warding  .     (no gloves)
rMut   .         Stasis   .     (no boots)
MR     +....                    l - amulet of faith
Stlth  ..........               m - ring of sustain attributes
                                j - ring of magical power

@: non-regenerating, somewhat resistant to hostile enchantments, extremely
unstealthy
A: damage resistance, recharge devices, sense surroundings 1, slow regeneration
3
a: Device Recharging


You were on level 5 of the Dungeon.
You were not hungry.

You visited 1 branch of the dungeon, and saw 5 of its levels.

You collected 292 gold pieces.

Inventory:

Hand Weapons
 a - a +0 war axe (weapon)
 w - a +0 flail of holy wrath
Armour
 c - a +0 shield (worn)
 B - a +0 chain mail (worn)
Jewellery
 j - a ring of magical power (left hand)
 l - an amulet of faith (around neck)
 m - a ring of sustain attributes (right hand)
Wands
 e - a wand of heal wounds (1)
 A - a wand of paralysis (11)
Scrolls
 n - 2 scrolls of enchant weapon
 o - 2 scrolls of recharging
 p - 2 scrolls of remove curse
 q - 2 scrolls of fear {unknown}
 r - a scroll of immolation {unknown}
 u - a scroll of fog {unknown}
 v - a scroll of enchant armour {unknown}
Potions
 b - a potion of might
 d - a potion of heal wounds {unknown}
 g - a potion of resistance
 i - 2 potions of ambrosia
 k - a potion of curing
 s - 2 potions of haste
 x - a potion of degeneration {unknown}
 z - a potion of lignification {unknown}
 C - a potion of brilliance {unknown}
Comestibles
 f - 6 bread rations
 h - a meat ration
 t - a fruit


   Skills:
 + Level 4.2 Fighting
 + Level 4.1 Axes
 + Level 4.8 Armour
 + Level 2.9 Dodging
 + Level 5.1 Shields


You had 6 spell levels left.
You didn't know any spells.

Dungeon Overview and Level Annotations

Branches:
Dungeon (5/15)
 Temple: D:4-7

Altars:
Ru
Sif Muna
Trog
Vehumet


Innate Abilities, Weirdness & Mutations

You are resistant to damage.
You can recharge devices by infusing magical energy.
You passively map a small area around you.
You do not regenerate naturally.


Message History

You barely miss the ogre.
The ogre is moderately wounded.
You hit the plant.
The plant is moderately damaged.
You hit the plant.
The plant is lightly damaged.
You hit the plant but do no damage.
The plant is lightly damaged.
The ogre hits you with a giant club!!
* * * LOW HITPOINT WARNING * * *
You hit the ogre.
The ogre is moderately wounded.
You hit the plant but do no damage.
The plant is moderately damaged.
You hit the plant but do no damage.
The plant is lightly damaged.
You hit the plant but do no damage.
The plant is lightly damaged.
The ogre hits you with a giant club!!
You die...

#####.......#P.PPPP≈P..........#
##.........≈..P≈♣≈≈P.....##.....#
.........P.PP♣≈≈≈P.P.....##......
.......≈..≈≈♣≈≈PPP≈#.....###.....
...##.PP≈≈≈♣PP..###.......#*.....
.####.P≈≈≈≈♣P....#........# ...
.## #P≈≈♣♣♣PP.P....#....#..#
..###PP≈≈♣≈♣PPP##O####..#....,
...##P.P≈♣≈≈≈PPP@.##*#..#....., *
...###.PPP≈♣≈♣≈PP≈≈P##....###.
.......≈PP≈≈≈♣≈≈≈≈≈P.#.Z..#
#####.......≈PP≈P♣≈≈≈#...##
########....≈≈.PP.PPP#...# *
...##....<#.....###.###..#*
#####..##.####### *.. ** #
##.##.# *### * ######


You could see an ogre.

Vanquished Creatures
  Grinder (D:4)
  Edmund (D:4)
  A hound (D:4)
  A giant frog zombie (D:5)
  2 worker ants
  5 adders
  5 worms
  An adder skeleton (D:5)
  2 giant geckos
  An orc (D:3)
  9 bats
  9 hobgoblins
  2 jackals (D:3)
  7 kobolds
  3 quokkas
  A ball python skeleton (D:4)
  6 giant cockroaches
  5 giant newts
  5 goblins
  5 rats
72 creatures vanquished.

Notes
Turn   | Place    | Note
--------------------------------------------------------------
     0 | D:1      | Ivanskos the Deep Dwarf Fighter began the quest for the Orb.
     0 | D:1      | Reached XP level 1. HP: 20/20 MP: 1/1
     0 | D:1      | Upgraded the game from 0.17.0-27-g4a3f43e to 0.17.0-28-g6e173f8
   110 | D:1      | Reached XP level 2. HP: 27/27 MP: 2/2
   983 | D:2      | Reached XP level 3. HP: 28/33 MP: 3/3
  1374 | D:2      | Reached skill level 4 in Shields
  1539 | D:2      | Reached XP level 4. HP: 34/42 MP: 4/4
  1563 | D:2      | Found a radiant altar of Vehumet.
  2016 | D:3      | Found a bloodstained altar of Trog.
  2385 | D:4      | Noticed Grinder
  2386 | D:4      | Paralysed by Grinder for 2 turns
  2397 | D:4      | Reached skill level 1 in Dodging
  2400 | D:4      | Paralysed by Grinder for 7 turns
  2412 | D:4      | Killed Grinder
  2412 | D:4      | Reached XP level 5. HP: 18/50 MP: 5/5
  2412 | D:4      | Reached XP level 6. HP: 20/57 MP: 6/6
  2435 | D:4      | Found a deep blue altar of Sif Muna.
  2437 | D:4      | Noticed Edmund
  2448 | D:4      | Killed Edmund
  2492 | D:4      | Reached skill level 5 in Shields
  2686 | D:4      | Found a sacrificial altar of Ru.
  2840 | D:5      | Entered Level 5 of the Dungeon
  2947 | D:5      | Reached XP level 7. HP: 43/64 MP: 7/7
  2957 | D:5      | Slain by an ogre

Action                   |  1- 3 |  4- 6 |  7- 9 || total
-------------------------+-------+-------+-------++-------
Melee: War axe           |   163 |   107 |    10 ||   280
Evoke: Wand              |     1 |     3 |       ||     4
  Use: Scroll            |       |     7 |       ||     7
       Potion            |       |     1 |       ||     1
  Eat: Royal jelly       |     1 |       |       ||     1
       Fruit             |       |     2 |       ||     2
       Beef jerky        |       |     1 |       ||     1
       Meat ration       |       |     1 |       ||     1
